 Dungeon Sprint DCSS version 0.25-a0-860-gf695395 (webtiles) character file.

Game seed: 16179710210887768116, levelgen mode: deterministic

182 smeego the Skirmisher (level 5, 0/91 HPs)
             Began as an Ogre Arcane Marksman on Apr 28, 2020.
             Was an Initiate of Kikubaaqudgha.
             Slain by an unseen horror (3 damage)
             ... in the Dungeon (Sprint IX: "|||||||||||||||||||||||||||||").
             The game lasted 00:01:14 (486 turns).

smeego the Skirmisher (Ogre Arcane Marksman)         Turns: 486, Time: 00:01:14

Health: 0/91       AC:  6    Str: 17    XL:     5   Next: 62%
Magic:  13/13      EV: 11    Int: 15    God:    Kikubaaqudgha [......]
Gold:   0          SH:  0    Dex:  9    Spells: 14/15 levels left

rFire    . . .     SeeInvis .   p - +2 dire flail (vorpal)
rCold    . . .     Gourm    .   (shield currently unavailable)
rNeg     . . .     Faith    .   a - +0 robe
rPois    .         Spirit   .   (helmet restricted)
rElec    .         Reflect  .   q - +0 cloak
rCorr    .         Harm     .   (gloves unavailable)
MR       .....     NoTele   +   (boots unavailable)
Stlth    ..........             (no amulet)
HPRegen  0.25/turn              r - +2 ring of protection
MPRegen  0.13/turn              s - +3 ring of strength

@: berserking (expiring), very quick
A: large, unfitting armour, tough skin 1
a: Renounce Religion


You were in the Dungeon.
You worshipped Kikubaaqudgha.
Kikubaaqudgha was noncommittal.
You were not hungry.

You visited 1 branch

Inventory:

Hand Weapons
 b - a +0 club
 p - a +2 vorpal dire flail (weapon)
Missiles
 c - 3 large rocks (quivered)
Armour
 a - a +0 robe (worn)
 q - a +0 cloak (worn)
Magical Staves
 o - an uncursed staff of energy
Jewellery
 r - a +2 ring of protection (left hand)
 s - a +3 ring of strength (right hand)
Wands
 n - a wand of acid (10)
Scrolls
 k - 2 scrolls of blinking
 l - 3 scrolls of remove curse
 m - 2 scrolls of amnesia
Potions
 d - a potion of invisibility
 e - 5 potions of curing
 g - 2 potions of heal wounds
 h - a potion of haste
 i - 4 potions of magic
Comestibles
 f - a ration


   Skills:
 + Level 6.8 Fighting
 + Level 5.5 Throwing
 + Level 5.0 Dodging
 + Level 5.7 Spellcasting
 - Level 2.6 Hexes
 * Level 2.9 Necromancy


You had 14 spell levels left.
You knew the following spells:

 Your Spells              Type           Power        Failure   Level  Hunger
a - Corona                Hex            ##.....      4%          1    None

Your spell library contained the following spells:

 Spells                   Type           Power        Failure   Level  Hunger
 Slow                     Hex            ##......     8%          2    #......
 Inner Flame              Hex/Fire       #.......     26%         3    ###....
 Portal Projectile        Hex/Tloc       #.....       26%         3    ###....
 Cause Fear               Hex            ##........   45%         4    ####...
 Leda's Liquefaction      Hex/Erth       #.........   65%         4    ####...


Dungeon Overview and Level Annotations

Branches:
Dungeon (1/1)

Altars:
Cheibriados
Dithmenos
Elyvilon
Fedhas
Gozag
Hepliaklqana
Kikubaaqudgha
Makhleb
Nemelex Xobeh
Okawaru
Qazlal
Ru
Sif Muna
Trog
Uskayaw
Vehumet
Wu Jian
Xom
Yredelemnul
Zin
The Shining One
Beogh
Jiyva
Lugonu


Innate Abilities, Weirdness & Mutations

You are too large for most types of armour.
You have tough skin. (AC +1)


Message History

You miss something. Something hits you! Something barely misses you.
You barely miss something. Something hits you!
* * * LOW HITPOINT WARNING * * *
You hit something but do no damage. Something hits you but does no damage.
You closely miss something. Something hits you but does no damage.
You closely miss something. Something hits you.
* * * LOW HITPOINT WARNING * * *
Something hits you!
* * * LOW HITPOINT WARNING * * *
The iguana hisses menacingly.
You impale something!! Something hits you!
* * * LOW HITPOINT WARNING * * *
Something hits you.
* * * LOW HITPOINT WARNING * * *
You completely miss something. Something hits you.
* * * LOW HITPOINT WARNING * * *
Something hits you but does no damage.
You miss something. Something hits you.
You die...
Kikubaaqudgha rasps: "You have failed me!
Welcome... death!" ▓▓▓▓▓▓▓▓▓▓▓▓▓▓▓▓▓▓▓▓▓▓▓▓ _______'...)[.[.@{SlYc.. ▓▓▓▓▓▓▓▓▓▓▓▓▓▓▓▓▓▓▓▓▓▓▓▓

You could see an ice beast, a centaur, an iguana and an adder.

Vanquished Creatures
  A centaur (D)
  A bullfrog (D)
  A hound (D)
  3 leopard geckos (D)
  A ball python (D)
  A goblin (D)
  3 kobolds (D)
11 creatures vanquished.

Notes
Turn   | Place    | Note
-------+----------+-------------------------------------------
     0 | D        | smeego the Ogre Arcane Marksman began the quest for the
                  | Orb.
     0 | D        | Reached XP level 1. HP: 19/19 MP: 2/2
     7 | D        | Reached skill level 2 in Fighting
   190 | D        | Noticed a hound
   190 | D        | Noticed a centaur
   193 | D        | Reached XP level 2. HP: 28/29 MP: 5/5
   197 | D        | Killed a centaur
   197 | D        | Reached skill level 5 in Fighting
   197 | D        | Reached XP level 3. HP: 39/42 MP: 6/9
   197 | D        | Reached XP level 4. HP: 47/50 MP: 6/10
   208 | D        | Reached skill level 6 in Fighting
   208 | D        | Reached skill level 5 in Throwing
   208 | D        | Reached skill level 5 in Spellcasting
   209 | D        | Reached XP level 5. HP: 30/59 MP: 7/12
   218 | D        | Found a roughly hewn altar of Beogh.
   218 | D        | Found a snail-covered altar of Cheibriados.
   218 | D        | Found a shadowy altar of Dithmenos.
   218 | D        | Found a white marble altar of Elyvilon.
   218 | D        | Found a blossoming altar of Fedhas.
   218 | D        | Found an opulent altar of Gozag.
   219 | D        | Found a hazy altar of Hepliaklqana.
   220 | D        | Found a viscous altar of Jiyva.
   221 | D        | Found an ancient bone altar of Kikubaaqudgha.
   222 | D        | Found a corrupted altar of Lugonu.
   223 | D        | Found a burning altar of Makhleb.
   224 | D        | Found a sparkling altar of Nemelex Xobeh.
   225 | D        | Found an iron altar of Okawaru.
   226 | D        | Found a stormy altar of Qazlal.
   227 | D        | Found a sacrificial altar of Ru.
   228 | D        | Found a shimmering blue altar of Sif Muna.
   229 | D        | Became a worshipper of Kikubaaqudgha
   230 | D        | Found a bloodstained altar of Trog.
   231 | D        | Found a hide-covered altar of Uskayaw.
   232 | D        | Found a radiant altar of Vehumet.
   233 | D        | Found an ornate altar of the Wu Jian Council.
   234 | D        | Found a shimmering altar of Xom.
   235 | D        | Found a basalt altar of Yredelemnul.
   236 | D        | Found a glowing silver altar of Zin.
   237 | D        | Found a glowing golden altar of the Shining One.
   462 | D        | Noticed an ice beast
   462 | D        | Noticed a centaur
   472 | D        | Reached skill level 5 in Dodging
   484 | D        | HP: 4/91 [something (1)]
   486 | D        | Slain by an unseen horror

Levels and vault maps discovered:
D:        linesprint [early_d, line_temple, items_1, d_10, items_2, lair_1,
          lair_end, items_3, orc_1, orc_end, items_4, d_15, swamp_1, shoals_1,
          snake_1, spider_1, d_20, vaults_1, items_5, swamp_end, shoals_end,
          snake_end, spider_end, vaults_end, d_27, items_6, zot_1, zot_end,
          crypt_end, forest_end, elf_end, slime_end, tomb_end, abyss_end,
          pan_hell_end]

Skill      XL: |  1  2  3  4  5 |
---------------+----------------+-----
Dodging        | 2 4 5 |  5.0
Fighting       | 2 5 6 |  6.8
Spellcasting   | 2 4 5 |  5.7
Throwing       | 4 5 |  5.5
Necromancy     | 2 |  2.9
Hexes          | |  2.6

Action                   |  1- 3 |  4- 6 || total
-------------------------+-------+-------++-------
Melee: Unarmed           |    10 |       ||    10
       Club              |     4 |    11 ||    15
       Dire flail        |       |    22 ||    22
Throw: Large rock        |     7 |     1 ||     8
       Throwing net      |     2 |       ||     2
  Use: Potion            |       |     2 ||     2
Armor: Robe              |     2 |    10 ||    12
Dodge: Dodged            |     9 |    21 ||    30

Table legend:
 A = Non-vault XP
 B = Vault XP
 C = Vault XP percentage of total XP
 D = Non-vault monster count
 E = Vault monster count
 F = Vault count percentage of total count
                 A         B        C        D         E       F
            +---------+---------+-------+---------+---------+-------
      Total |       0 |     261 | 100.0 |       0 |      11 | 100.0
            +---------+---------+-------+---------+---------+-------
          D |       0 |     261 | 100.0 |       0 |      11 | 100.0
            +---------+---------+-------+---------+---------+-------
